 Dungeon Crawl Stone Soup version 0.31-a0-165-g3f4f80340b (webtiles) character file.

Game seed: 8429564680703367061

189 qw the Shooter (level 5, -2/49 HPs)
             Began as a Naga Hunter on June 13, 2023.
             Slain by a gnoll
             ... wielding a +0 spear
             ... led by a gnoll bouda
              (3 damage)
             ... on level 4 of the Dungeon.
             The game lasted 00:00:53 (2905 turns).

qw the Shooter (Naga Hunter)                        Turns: 2905, Time: 00:00:53

Health: -2/49      AC:  4    Str: 13    XL:     5   Next: 68%
Magic:  5/5        EV:  9    Int: 13    God:
Gold:   183        SH:  0    Dex: 16    Spells: 4/4 levels left

rFire   . . .        Y - +0 shortbow
rCold   . . .        (shield currently unavailable)
rNeg    + . .        m - +1 leather armour of the Forest {rElec rN+ Int+3}
rPois   +            (no helmet)
rElec   +            (no cloak)
rCorr   .            (no gloves)
SInv    +            (no barding)
Will    .....        (no amulet)
Stlth   ++           (no ring)
HPRegen 0.28/turn    (no ring)
MPRegen 0.09/turn

%: no passive effects
@: weakened, very slow
A: AC +1, large, see invisible, deformed body, poison resistance, slowness 2,
spit poison 1, naga tail 1
a: Spit Poison


You were on level 4 of the Dungeon.
You visited 1 branch of the dungeon, and saw 4 of its levels.

You collected 183 gold pieces.


Innate Abilities, Weirdness & Mutations

Your serpentine skin is tough. (AC +1)
You have supernaturally acute eyesight. (SInv)
Armour fits poorly on your strangely shaped body.
Your system is resistant to poisons. (rPois)
You cover ground very slowly.
You can spit poison.
You have a snake-like lower body.


   Skills:
 - Level 3.0 Fighting
 + Level 5.8 Ranged Weapons
 - Level 1.5 Dodging
 - Level 1.5 Stealth


You had 4 spell levels left.
You didn't know any spells.
Your spell library was empty.

Inventory:

Hand Weapons
 Y - a +0 shortbow (weapon)
Armour
 m - the +1 leather armour of the Forest (worn) {rElec rN+ Int+3}
   (You found it on level 3 of the Dungeon)

   Int:       It affects your intelligence (+3).
   rElec:     It insulates you from electricity.
   rN:        It protects you from negative energy.
Jewellery
 c - an amulet of guardian spirit
Potions
 a - a potion of enlightenment {unknown}
 b - a potion of curing
 d - a potion of degeneration {unknown}
 e - a potion of resistance {unknown}
 g - a potion of heal wounds {unknown}
 j - a potion of brilliance {unknown}
 k - a potion of lignification {unknown}
 l - 2 potions of haste

Dungeon Overview and Level Annotations

Branches:
Dungeon (4/15)
 Temple: D:4-7

Altars:
Kikubaaqudgha
Vehumet


Message History

You have got your breath back.
The gnoll hits you from afar with a +0 spear!
The gnoll bouda closely misses you.
The gnoll hits you from afar with a +0 spear.
2900 ||| INVOKING Spit Poison.
Aiming: Spit Poison (1% risk of failure)
Press: ? - help, Shift-Dir - straight line, f/p - gnoll bouda The splash of poison hits the gnoll bouda.
The gnoll bouda is poisoned.
The gnoll bouda is almost dead.
The gnoll hits you with a +0 club.
The gnoll bouda calls upon its god to heal the gnoll.
The gnoll is healed somewhat.
The gnoll hits you from afar with a +0 spear.
You shoot an arrow.
The arrow hits the gnoll bouda but does no damage.
The gnoll bouda is almost dead.
The gnoll bouda utters an invocation to its god.
The gnoll bouda is healed somewhat.
The gnoll hits you from afar with a +0 spear.
You shoot an arrow. The arrow hits the gnoll bouda.
The gnoll bouda is severely wounded.
The gnoll barely misses you.
The gnoll bouda hits you with a +0 club.
The gnoll hits you from afar with a +0 spear.
You shoot an arrow.
The arrow closely misses the gnoll bouda.
The gnoll hits you with a +0 club. The gnoll bouda barely misses you.
The gnoll hits you from afar with a +0 spear.
You shoot an arrow. The arrow hits the gnoll bouda.
The gnoll bouda is almost dead.
You kill the gnoll bouda!
The gnoll is no longer moving quickly.
The gnoll hits you with a +0 club.
The gnoll hits you from afar with a +0 spear.
You shoot an arrow. The arrow barely misses the gnoll. x2
You have got your breath back.
A quokka comes into view.
The gnoll hits you with a +0 club.
The gnoll hits you from afar with a +0 spear.
You die...

####...<#......# ..###
[..........##..# .....
............#.###....#
...............#....#
.........r.........#
.................#.# #
.................#.##..#
............#..........$
.....#.##...##.#@)...>.#
.### ##.###.##g...... #.
#.# .g..... #. ...
......# ... ......# ....
......# ............
...##..


You could see 2 gnolls and a quokka (wandering).

Vanquished Creatures
  A gnoll bouda (D:4)
  2 orc wizards (D:3)
  4 gnolls
  2 dart slugs
  4 orcs
  2 bats
  8 endoplasms
  7 goblins
  4 hobgoblins
  9 jackals
  4 kobolds
  2 quokkas
  6 ball pythons
  6 frilled lizards
  5 rats
66 creatures vanquished.

Notes
Turn   | Place    | Note
-------+----------+-------------------------------------------
     0 | D:1      | qw the Naga Hunter began the quest for the Orb.
     0 | D:1      | Reached XP level 1. HP: 19/19 MP: 1/1
     0 | D:1      | 0 ||| qw: Version: 0.2-a-29-gc1b59c4
     0 | D:1      | 0 ||| qw: Game counter: 4709
     0 | D:1      | 0 ||| qw: Always use a shield: true
     0 | D:1      | 0 ||| qw: God list: Okawaru
     0 | D:1      | 0 ||| qw: Allow faded altars: false
     0 | D:1      | 0 ||| qw: Do Orc after D:15 true
     0 | D:1      | 0 ||| qw: Do second Lair branch before Depths: true
     0 | D:1      | 0 ||| qw: Lair rune preference: random
     0 | D:1      | 0 ||| qw: Plans: Normal
     0 | D:1      | 0 ||| PLANNING D:1-11
    28 | D:1      | 28 ||| INVOKING Spit Poison.
    37 | D:1      | 37 ||| INVOKING Spit Poison.
    77 | D:1      | 77 ||| INVOKING Spit Poison.
    80 | D:1      | 80 ||| INVOKING Spit Poison.
    83 | D:1      | Reached skill level 4 in Ranged Weapons
    83 | D:1      | Reached XP level 2. HP: 8/26 MP: 2/2
    86 | D:1      | 86 ||| INVOKING Spit Poison.
   253 | D:1      | 253 ||| INVOKING Spit Poison.
   313 | D:1      | 313 ||| INVOKING Spit Poison.
   319 | D:1      | 319 ||| INVOKING Spit Poison.
   323 | D:1      | 323 ||| INVOKING Spit Poison.
   465 | D:1      | 465 ||| INVOKING Spit Poison.
   469 | D:1      | 469 ||| INVOKING Spit Poison.
   489 | D:1      | 489 ||| INVOKING Spit Poison.
   495 | D:1      | 495 ||| INVOKING Spit Poison.
   644 | D:1      | 644 ||| INVOKING Spit Poison.
   646 | D:1      | Reached XP level 3. HP: 32/32 MP: 3/3
   682 | D:1      | 682 ||| INVOKING Spit Poison.
   688 | D:1      | 688 ||| INVOKING Spit Poison.
   711 | D:1      | 711 ||| INVOKING Spit Poison.
   955 | D:1      | 955 ||| READING scroll labelled POPUHE ADE EST.
   956 | D:1      | 956 ||| READING scroll labelled NOSYZX RUAGY.
   957 | D:1      | 957 ||| READING scroll labelled POTULE BA WAST.
   958 | D:1      | 958 ||| READING scroll labelled NUTI WAAGIKLOV.
   962 | D:1      | 962 ||| DRINKING 2 bubbling cyan potions.
   963 | D:1      | 963 ||| DROPPING scroll of butterflies.
   964 | D:1      | 964 ||| DROPPING potion of magic.
  1011 | D:2      | 1011 ||| INVOKING Spit Poison.
  1013 | D:2      | 1013 ||| STAIRDANCE
  1034 | D:2      | 1034 ||| INVOKING Spit Poison.
  1175 | D:2      | 1175 ||| INVOKING Spit Poison.
  1493 | D:2      | 1493 ||| INVOKING Spit Poison.
  1498 | D:2      | 1498 ||| INVOKING Spit Poison.
  1508 | D:2      | 1508 ||| INVOKING Spit Poison.
  1564 | D:2      | 1564 ||| INVOKING Spit Poison.
  1715 | D:2      | 1715 ||| INVOKING Spit Poison.
  1748 | D:2      | 1748 ||| INVOKING Spit Poison.
  1871 | D:2      | Found an ancient bone altar of Kikubaaqudgha.
  1954 | D:2      | 1954 ||| READING scroll labelled MASAMA PA HIWK.
  1955 | D:2      | 1955 ||| DRINKING 2 orange potions.
  1998 | D:3      | 1998 ||| INVOKING Spit Poison.
  2015 | D:3      | 2015 ||| INVOKING Spit Poison.
  2037 | D:3      | 2037 ||| INVOKING Spit Poison.
  2077 | D:3      | 2077 ||| INVOKING Spit Poison.
  2089 | D:3      | 2089 ||| INVOKING Spit Poison.
  2126 | D:3      | 2126 ||| INVOKING Spit Poison.
  2162 | D:3      | 2162 ||| INVOKING Spit Poison.
  2201 | D:3      | 2201 ||| INVOKING Spit Poison.
  2202 | D:3      | Reached skill level 5 in Ranged Weapons
  2239 | D:3      | Reached XP level 4. HP: 39/39 MP: 4/4
  2245 | D:3      | 2245 ||| INVOKING Spit Poison.
  2249 | D:3      | 2249 ||| INVOKING Spit Poison.
  2268 | D:3      | 2268 ||| INVOKING Spit Poison.
  2287 | D:3      | 2287 ||| INVOKING Spit Poison.
  2303 | D:3      | 2303 ||| INVOKING Spit Poison.
  2304 | D:3      | 2304 ||| Stepping ~*~*~tactically~*~*~ (outnumbered).
  2309 | D:3      | 2309 ||| INVOKING Spit Poison.
  2315 | D:3      | HP: 8/40 [gnoll/+0 halberd (14)]
  2316 | D:3      | 2316 ||| READING scroll of teleportation.
  2317 | D:3      | 2317 ||| INVOKING Spit Poison.
  2575 | D:3      | 2575 ||| INVOKING Spit Poison.
  2623 | D:3      | 2623 ||| INVOKING Spit Poison.
  2624 | D:3      | Reached skill level 3 in Fighting
  2635 | D:3      | 2635 ||| INVOKING Spit Poison.
  2640 | D:3      | 2640 ||| Stepping ~*~*~tactically~*~*~ (outnumbered).
  2641 | D:3      | 2641 ||| INVOKING Spit Poison.
  2646 | D:3      | Reached XP level 5. HP: 42/49 MP: 5/5
  2647 | D:3      | 2647 ||| INVOKING Spit Poison.
  2648 | D:3      | 2648 ||| INVOKING Spit Poison.
  2738 | D:3      | Identified the +1 leather armour of the Forest {rElec rN+
                  | Int+3}
  2750 | D:3      | Found a radiant altar of Vehumet.
  2836 | D:3      | 2836 ||| UPGRADING to +1 leather armour of the Forest
                  | {rElec rN+ Int+3}.
  2846 | D:3      | 2846 ||| DROPPING +0 leather armour.
  2847 | D:3      | 2847 ||| DROPPING +6 ring of intelligence.
  2848 | D:3      | 2848 ||| READING 2 scrolls labelled PEDUSU QEUSHRU.
  2849 | D:3      | 2849 ||| READING scroll labelled YGIGIL KAOCODY.
  2850 | D:3      | 2850 ||| DRINKING 2 smoky puce potions.
  2851 | D:3      | 2851 ||| DROPPING scroll of immolation.
  2893 | D:4      | 2893 ||| INVOKING Spit Poison.
  2896 | D:4      | 2896 ||| INVOKING Spit Poison.
  2900 | D:4      | 2900 ||| INVOKING Spit Poison.
  2903 | D:4      | HP: 10/49 [gnoll/+0 spear[a gnoll bouda] (6)]
  2905 | D:4      | HP: 1/49 [gnoll/+0 club[a gnoll bouda] (4)]
  2905 | D:4      | Slain by a gnoll

Levels and vault maps discovered:
D:1:      psy_arrival_radial02, layout_loops_ring
D:2:      layout_basic, basic_altar
D:3:      layout_loops_ring, mainiacjoe_overflow_24_doors
D:4:      layout_cave_pools, minmay_liquid_box

Skill      XL: |  1  2  3  4 |
---------------+-------------+-----
Ranged Weapons | 4 5 |  5.8
Fighting       | 3 |  3.0
Dodging        | |  1.5
Stealth        | |  1.5

Action                     |  1- 3 |  4- 6 || total
---------------------------+-------+-------++-------
   Fire: Shortbow          |    70 |    45 ||   115
Ability: Spit Poison       |    34 |    15 ||    49
    Use: Scroll            |     5 |     3 ||     8
         Potion            |     2 |     1 ||     3
 Armour: Leather armour    |     7 |     1 ||     8
  Dodge: Dodged            |    13 |    14 ||    27

Table legend:
 A = Non-vault XP
 B = Vault XP
 C = Vault XP percentage of total XP
 D = Non-vault monster count
 E = Vault monster count
 F = Vault count percentage of total count
                 A         B        C        D         E       F
            +---------+---------+-------+---------+---------+-------
      Total |     271 |       0 |   0.0 |      66 |       0 |   0.0
            +---------+---------+-------+---------+---------+-------
        D:1 |      38 |       0 |   0.0 |      20 |       0 |   0.0
        D:2 |      26 |       0 |   0.0 |      15 |       0 |   0.0
        D:3 |     152 |       0 |   0.0 |      27 |       0 |   0.0
        D:4 |      55 |       0 |   0.0 |       4 |       0 |   0.0
            +---------+---------+-------+---------+---------+-------
